 Dungeon Crawl Stone Soup version 0.29-a0-284-gf9362112df (webtiles) character file.

Game seed: 16953457320097716326

111 croobank the Sneak (level 4, -1/22 HPs)
             Began as a Felid Delver on Mar 31, 2022.
             Succumbed to a scorpion's poison
             ... on level 4 of the Dungeon.
             The game lasted 00:22:59 (5087 turns).

croobank the Sneak (Felid Delver)                   Turns: 5087, Time: 00:22:59

Health: -1/22      AC:  1    Str: 10    XL:     4   Next: 62%
Magic:  5/5        EV: 19    Int: 12    God:
Gold:   126        SH:  0    Dex: 17    Spells: 0/3 levels left
                                        Lives:  0   Deaths: 1

rFire   . . .      SeeInvis +     - Unarmed
rCold   . . .      Faith    .   (shield unavailable)
rNeg    . . .      Spirit   .   (body armour unavailable)
rPois   .          Reflect  .   (helmet unavailable)
rElec   .          Harm     .   (cloak unavailable)
rCorr   .          Rampage  .   (gloves unavailable)
Will    .....                   (boots unavailable)
Stlth   ++++......              (no amulet)
HPRegen 0.07/turn               (no ring)
MPRegen 0.09/turn               (no ring)

@: lethally poisoned (-1 -> -10), weak-willed, quick
A: very small, claws 1, fangs 3, see invisible, speed 1, shaggy fur 1, stealthy
paws, no weapons or thrown items, no armour, multi-lived
a: no special abilities


You were on level 4 of the Dungeon.
You visited 2 branches of the dungeon, and saw 6 of its levels.

You collected 126 gold pieces.

Inventory:

Missiles
 k - 122 stones
 o - 6 poisoned darts
Jewellery
 j - an amulet of guardian spirit
Wands
 c - a wand of polymorph (11)
 e - a wand of digging (3)
 f - a wand of iceblast (19)
Scrolls
 g - a scroll of vulnerability
 n - a scroll of amnesia
 p - 3 scrolls of teleportation
Potions
 h - a potion of magic
 i - a potion of attraction
 m - a potion of brilliance


   Skills:
 + Level 4.1 Fighting
 + Level 4.5 Dodging
 + Level 7.7 Stealth
 + Level 3.3 Unarmed Combat


You couldn't memorise any spells.
You knew the following spells:

 Your Spells              Type           Power      Damage    Failure   Level
a - Magic Dart            Conj           0%         1d3       32%         1
b - Mephitic Cloud        Conj/Pois/Air  0%         N/A       69%         3

Your spell library contained the following spells:

 Spells                   Type           Power      Damage    Failure   Level
 Call Imp                 Summ           0%         N/A       45%         2


Dungeon Overview and Level Annotations

Branches:
Dungeon (5/15)             Temple (1/1) D:4

Altars:
Ashenzari
Cheibriados
Elyvilon
Nemelex Xobeh
Okawaru
Qazlal
Ru
Sif Muna
Trog
Yredelemnul
Zin
The Shining One

Shops:
D:5 (

Annotations:
D:4 Sigmund


Innate Abilities, Weirdness & Mutations

You have sharp claws.
You have razor-sharp teeth.
You have supernaturally acute eyesight. (SInv)
You cover ground quickly. (Speed+)
You are covered in fur. (AC +1)
Your paws help you pounce on unaware monsters.
You are incapable of wielding weapons or throwing items.
You cannot wear armour.
You gain extra lives every three experience levels.


Message History

You climb downwards.
Level annotation: Sigmund The scorpion misses you.
There is a stone staircase leading up here.
You scratch the scorpion but do no damage.
The scorpion misses you. The scorpion stings you!
You are lethally poisoned!
The scorpion poisons you!
You scratch the scorpion.
The scorpion is moderately wounded.
You feel very sick.
The scorpion stings you but does no damage.
Okay, then.
As you read the scroll labelled NAALYD YNEMP, it crumbles to dust.
Magic quickly surges around you.
It was a scroll of vulnerability.
You feel very sick. The scorpion stings you.
As you read the scroll labelled YPLAECSICK, it crumbles to dust.
It is a scroll of amnesia.
Really abort (and waste the scroll)?
Okay, then.
* * * LOW HITPOINT WARNING * * *
You feel sick. The scorpion stings you.
* * * LOW HITPOINT WARNING * * *
You are more poisoned.
The scorpion poisons you!
Blink to where?
Press: ? - help, Dir - move target
As you read the scroll labelled ISESAO QYDO, it crumbles to dust.
It was a scroll of blinking.
The Shining One protects you from harm!
Okay, then.
Okay, then.
* * * LOW HITPOINT WARNING * * *
You feel sick.
Really renounce your faith, foregoing its fabulous benefits?
Are you sure?
You have lost your religion!
Your divine halo fades away.
You die...

.####
##.......##......<..#######
....##
#######............##
###..# ##............###
##.# #......s.......### #.#
##..........###...## #.#
#.......)..## ###... #.#
#.#.....#### #... #.#
###.#.....# ##.## #.#
##...#@....# ######....
#.##
#..###.....###........⌠
#..# #.##
#.........#####... ##>##
##.# #####.##.....#.⌠.>
#..###..# #..)....###......
##.)#..######.##.####
##.#..⌠
####...........##.##
####.....
####)...........####..#
#........ §......†........#
##.###.###.###


You could see a scorpion (weak-willed).

Vanquished Creatures
  2 hounds (D:3)
  Terence (D:3)
  An adder (D:1)
  A shadow imp (D:4)
  An ufetubus (D:4)
  A worm (D:3)
  2 dart slugs (D:1)
  4 orcs
  9 ball pythons
  8 endoplasms
  5 giant cockroaches
  6 hobgoblins
  18 jackals
  3 quokkas
  4 bats
  5 frilled lizards
  6 goblins
  4 kobolds
  10 rats
91 creatures vanquished.

Vanquished Creatures (others)
  12 plants (D:5)
12 creatures vanquished.

Grand Total: 103 creatures vanquished

Notes
Turn   | Place    | Note
-------+----------+-------------------------------------------
     0 | D:5      | croobank the Felid Delver began the quest for the Orb.
     0 | D:5      | Reached XP level 1. HP: 10/10 MP: 2/2
    92 | D:1      | Reached XP level 2. HP: 14/14 MP: 3/3
   469 | D:1      | Reached XP level 3. HP: 15/17 MP: 4/4
   567 | D:1      | Reached skill level 7 in Stealth
  1608 | D:2      | Identified the +2 cloak of Xough {Int+4}
  1722 | D:2      | Identified the +1 ring mail "Humoank" {+Blink}
  2102 | D:2      | Reached XP level 4. HP: 21/21 MP: 5/5
  2631 | D:3      | Reached XP level 5. HP: 21/25 MP: 6/6
  2695 | D:3      | Found a faded altar of an unknown god.
  2851 | D:3      | Noticed Terence
  2857 | D:3      | Learned a level 1 spell: Magic Dart
  2861 | D:3      | Learned a level 3 spell: Mephitic Cloud
  3068 | D:3      | Killed Terence
  3741 | D:4      | Found a staircase to the Ecumenical Temple.
  3752 | Temple   | Entered the Ecumenical Temple
  3993 | Temple   | Became a worshipper of the Shining One
  4039 | D:4      | Noticed Sigmund
  4246 | D:4      | Found a stormy altar of Qazlal.
  4356 | D:4      | Succumbed to a scorpion's poison
  4357 | D:4      | Reached XP level 4. HP: 0/22 MP: 1/5
  4404 | D:5      | Noticed an ice beast
  4684 | D:5      | Found Desoigukh's Weapon Emporium.
  5085 | D:4      | The Shining One protects you from harm!
  5086 | D:4      | HP: 1/22 [poisoned by a scorpion]
  5087 | D:4      | Fell from the grace of the Shining One
  5087 | D:4      | Succumbed to a scorpion's poison

Illustrated notes

Levels and vault maps discovered:
D:1:      wander_arrival_chamber, layout_basic
D:2:      layout_rooms
D:3:      layout_rooms, ebering_ecumenical_altar_rust, uniq_terence
D:4:      layout_rooms, mainiacjoe_overflow_concentric_impassable,
          temple_fountains, uniq_sigmund
D:5:      layout_cave_pools, serial_shops, shop, serial_bayou,
          serial_bayou_crossing, serial_bayou_ford_a, serial_bayou_shore_b,
          serial_bayou_lagoon_a, serial_bayou_shore_b, serial_bayou_lagoon_b
Temple:   minmay_temple_curvy_loop

Skill      XL: |  1  2  3  4  5 |
---------------+----------------+-----
Dodging        | 3 4 |  4.5
Stealth        | 7 |  7.7
Unarmed Combat | 3 |  3.3
Fighting       | 4 |  4.1

Action                   |  1- 3 |  4- 6 || total
-------------------------+-------+-------++-------
Melee: Unarmed           |   141 |   117 ||   258
       Bite              |     6 |    12 ||    18
       Punch             |     2 |     3 ||     5
 Cast: Magic Dart        |       |    38 ||    38
Invok: Renounce Religion |       |     1 ||     1
Evoke: Wand              |       |     1 ||     1
  Use: Scroll            |     1 |    12 ||    13
       Potion            |       |     1 ||     1
 Stab: Sleeping          |    12 |     4 ||    16
       Distracted        |       |     1 ||     1
Armor: Skin              |     4 |     1 ||     5
Dodge: Dodged            |   124 |    93 ||   217

Table legend: (Time is in decaauts)
 A = Elapsed time spent in this place.
 B = Non-inter-level travel time spent in this place.
 C = Inter-level travel time spent in this place.
 D = Time resting spent in this place.
 E = Time spent auto-exploring this place.
 F = Levels seen in this place.
 G = Mean time per level.
                   A        B        C        D        E       F      G
               +--------+--------+--------+--------+--------+-----+--------+
         Total |   4647 |   4493 |    154 |   1890 |   1560 |   6 |  774.5 |
       Dungeon |   4418 |   4297 |    121 |   1890 |   1401 |   5 |  883.6 |
        Temple |    229 |    196 |     33 |      0 |    159 |   1 |  229.0 |
               +--------+--------+--------+--------+--------+-----+--------+

Top non-repeatable levels by time:
     D:3: 1308 daAuts
     D:1: 1200 daAuts
     D:2: 1068 daAuts
     D:4: 802 daAuts
  Temple: 229 daAuts
     D:5: 38 daAuts
